 Dungeon Crawl Stone Soup version 0.29.1-2-gbd0b4ee654 (console) character file.

Game seed: 7040084327296367663

4 Goreval the Vexing (level 1, 0/16 HPs)
             Began as an Ogre Enchanter on Nov 15, 2022.
             Slain by a goblin
             ... wielding a +0 dagger
              (1 damage)
             ... on level 2 of the Dungeon.
             The game lasted 00:01:33 (142 turns).

Goreval the Vexing (Ogre Enchanter)                  Turns: 142, Time: 00:01:33

Health: 0/16       AC:  3    Str: 11    XL:     1   Next: 70%
Magic:  3/4        EV:  9    Int: 16    God:
Gold:   0          SH:  0    Dex:  9    Spells: 5/5 levels left

rFire   . . .      SeeInvis .   a - +1 dagger
rCold   . . .      Faith    .   (no shield)
rNeg    . . .      Spirit   .   b - +0 robe
rPois   .          Reflect  .   (helmet restricted)
rElec   .          Harm     .   (no cloak)
rCorr   .          Rampage  .   (gloves unavailable)
Will    .....                   (boots unavailable)
Stlth   ++........              (no amulet)
HPRegen 0.05/turn               (no ring)
MPRegen 0.09/turn               (no ring)

@: no status effects
A: large, unfitting armour, tough skin 1
a: no special abilities


You were on level 2 of the Dungeon.
You visited 1 branch of the dungeon, and saw 2 of its levels.

Inventory:

Hand Weapons
 a - a +1 dagger (weapon)
Armour
 b - a +0 robe (worn)
Potions
 c - 2 potions of invisibility


   Skills:
 * Level 1.1 Short Blades
 - Level 1.7 Dodging
 + Level 2.2 Stealth
 + Level 2.5 Spellcasting
 * Level 2.8 Hexes


You had 5 spell levels left.
You didn't know any spells.
Your spell library contained the following spells:

 Spells                   Type           Power      Damage    Failure   Level
 Ensorcelled Hibernation  Hex/Ice        12%        N/A       17%         2
 Confusing Touch          Hex            11%        N/A       19%         3
 Tukima's Dance           Hex            11%        N/A       19%         3
 Dazzling Flash           Conj/Hex       12%        N/A       32%         3


Dungeon Overview and Level Annotations

Branches:
Dungeon (2/15)

Altars:


Innate Abilities, Weirdness & Mutations

You are too large for most types of armour.
You have tough skin. (AC +1)


Message History

The rat attacks as you move away! The rat bites you but does no damage.
There is a stone staircase leading down here.
The rat bites you.
You climb downwards.
Found 12 gold pieces.
There is a stone staircase leading up here.
You hit the rat.
You kill the rat!
You see here a rat corpse.
The hobgoblin shouts!
You hit the hobgoblin.
A ball python comes into view.
The ball python hisses angrily.
You hit the hobgoblin. The hobgoblin barely misses you.
You hit the hobgoblin but do no damage. The hobgoblin closely misses you.
You hit the hobgoblin but do no damage. The hobgoblin barely misses you.
You completely miss the hobgoblin.
A goblin comes into view. It is wielding a +0 dagger.
The hobgoblin hits you but does no damage.
You don't know any spells.
Okay, then.
You hit the hobgoblin.
The hobgoblin hits you but does no damage.
Sorry, you're not good enough to have a special ability.
Sorry, you're not good enough to have a special ability.
There are monsters nearby!
The ball python bites you.
You hit the ball python. The ball python barely misses you.
The hobgoblin hits you. The ball python bites you.
You hit the ball python.
You kill the ball python!
The hobgoblin closely misses you. The goblin hits you with a +0 dagger.
The hobgoblin attacks as you move away!
The hobgoblin hits you but does no damage.
The hobgoblin attacks as you move away! The hobgoblin hits you.
* * * LOW HITPOINT WARNING * * *
You see here a rat corpse.
You closely miss the hobgoblin. The hobgoblin hits you.
* * * LOW HITPOINT WARNING * * *
You hit the hobgoblin but do no damage. The hobgoblin barely misses you.
The goblin hits you with a +0 dagger.
You die...

..# ..## .... ....
#..##.. ....$. #
....# #.##. #..#
......####.##
#....g@<#
#...#g.........
#..........#......
#...........##....
#.######..#... ...
# ##.#.... ..
#.####.. . ... ..


You could see a hobgoblin and a goblin.

Vanquished Creatures
  A ball python (D:2)
  A kobold (D:1)
  A quokka (D:1)
  A rat (D:2)
4 creatures vanquished.

Notes
Turn   | Place    | Note
-------+----------+-------------------------------------------
     0 | D:1      | Goreval the Ogre Enchanter began the quest for the Orb.
     0 | D:1      | Reached XP level 1. HP: 16/16 MP: 3/3
    77 | D:1      | Reached skill level 1 in Short Blades
   142 | D:2      | Slain by a goblin

Illustrated notes

Levels and vault maps discovered:
D:1:      ncdulo_smallfort, layout_loops_ring, ebering_ecumenical_altar_box,
          minmay_misc_feat_four_crosses, minmay_surrounded
D:2:      layout_rooms

Skill      XL: |  1 |
---------------+----+-----
Short Blades   | 1 |  1.1
Dodging        | |  1.7
Stealth        | |  2.2
Spellcasting   | |  2.5
Hexes          | |  2.8

Action                   || total
-------------------------++-------
Melee: Dagger            ||    14
 Stab: Sleeping          ||     1
Armor: Robe              ||     4
Dodge: Dodged            ||     6
